 Dungeon Crawl Stone Soup version 0.31-a0-344-gd109795599 (webtiles) character file.

Game seed: 6028516321739673006

65 juan097 the Shooter (level 4, -3/35 HPs)
             Began as a Barachi Hunter on July 21, 2023.
             Killed by divine providence
             ... invoked by an orc priest
              (12 damage)
             ... on level 3 of the Dungeon.
             The game lasted 00:02:30 (1298 turns).

juan097 the Shooter (Barachi Hunter)                Turns: 1298, Time: 00:02:30

Health: -3/35      AC:  4    Str: 12    XL:     4   Next: 13%
Magic:  4/4        EV: 12    Int: 10    God:
Gold:   244        SH:  0    Dex: 17    Spells: 3/3 levels left

rFire   . . .        a - +0 shortbow
rCold   . . .        (shield currently unavailable)
rNeg    . . .        c - +0 leather armour
rPois   .            (no helmet)
rElec   .            (no cloak)
rCorr   .            l - +0 pair of gloves
SInv    .            (no boots)
Will    .....        (no amulet)
Stlth   ++           (no ring)
HPRegen 0.25/turn    (no ring)
MPRegen 0.09/turn

%: no passive effects
@: slow
A: amphibious, slowness 1, strong legs 1, +LOS
a: Hop


You were on level 3 of the Dungeon.
You visited 1 branch of the dungeon, and saw 3 of its levels.

You collected 244 gold pieces.

Inventory:

Hand Weapons
 a - a +0 shortbow (weapon)
Missiles
 k - 6 curare-tipped darts
Armour
 c - a +0 leather armour (worn)
 l - a +0 pair of gloves (worn)
Scrolls
 b - a scroll of butterflies
 d - 4 scrolls of identify {unknown}
 e - a scroll of brand weapon {unknown}
 h - a scroll of enchant armour {unknown}
 i - a scroll of teleportation {unknown}
 j - a scroll of acquirement {unknown}
 m - a scroll of fog {unknown}
Potions
 f - a potion of invisibility {unknown}
 g - 2 potions of degeneration {unknown}


   Skills:
 + Level 3.2 Fighting
 * Level 4.8 Ranged Weapons
 - Level 2.2 Dodging
 + Level 2.0 Stealth


You had 3 spell levels left.
You didn't know any spells.
Your spell library contained the following spells:

 Spells                   Type           Power      Damage    Failure   Level
 Apportation              Tloc           0%         N/A       43%         1
 Necrotise                Necr           0%         1d4       43%         1
 Summon Small Mammal      Summ           0%         N/A       43%         1
 Passage of Golubria      Tloc           0%         N/A       99%         4
 Alistair's Intoxication  Tmut/Pois      0%         N/A       100%        5
 Borgnjor's Vile Clutch   Necr/Erth      0%         N/A       100%        5
 Silence                  Hex/Air        0%         N/A       100%        5
 Eringya's Noxious Bog    Tmut/Pois      0%         4d6       100%        6
 Lehudib's Crystal Spear  Conj/Erth      0%         10d2      100%        8


Dungeon Overview and Level Annotations

Branches:
Dungeon (3/15)

Altars:
Qazlal


Innate Abilities, Weirdness & Mutations

You are amphibious.
You cover ground slowly.
You can hop short distances.
You have an extended range of vision and can be seen from far away.


Message History

There is an open door here.
You close the door.
You start resting.
An orc priest opens the door.
It is wielding a +0 war axe.
You shoot an arrow. The arrow barely misses the orc priest.
The orc priest hits you with a +0 war axe!
* * * LOW HITPOINT WARNING * * *
You are too injured to fight recklessly!
You are too injured to fight recklessly!
You are too injured to fight recklessly!
Hop to where?
Press: ? - help, Q - select action, (/) - cycle Dir - move target, f - you, p - orc priest
Okay, then.
Hop to where?
Press: ? - help, Q - select action, (/) - cycle Dir - move target, f - you
Okay, then.
Okay, then.
Fire: a) +0 shortbow
Press: ? - help, Shift-Dir - straight line, f - orc priest
Aim: an orc priest, wielding a +0 war axe (heavily wounded, 63% to hit)
You shoot an arrow. The arrow hits the orc priest.
The orc priest is severely wounded.
The orc priest hits you with a +0 war axe.
* * * LOW HITPOINT WARNING * * *
Okay, then.
As you read the scroll of butterflies, it crumbles to dust.
You hear the flapping of tiny wings.
The orc is knocked back by the sudden gust.
The orc priest is knocked back by the sudden gust.
You swap places.
The orc priest completely misses your butterfly.
The orc priest hits your butterfly with a +0 war axe.
Your butterfly dies!
Your butterfly disappears in a burst of colours!
The orc priest hits your butterfly with a +0 war axe!
Your butterfly dies!
Your butterfly disappears in a burst of colours!
The orc priest calls down the wrath of Beogh upon you.
Beogh smites you!
You die...

................####.#
...#.##...####### #.# #
##.## #.# . #.# #.# (. #.#
#.# ... ##+## ##.# ..oo
##.b.## ##.#. .....
##bbbb.## ##.### #....$
##@.bb.b.## #.## #
#......###..bbb.b..####..###
......oooobbbbbbb..'......#.
##.....###bbbbbbbb.####.....
#.... ##.bbbbb.## ##.#..
..... ##.bb..## ###.# ####
##...## #.# ##+## #)# #.#


You could see an orc priest (ally target) and an orc.

Vanquished Creatures
  An adder (D:3)
  A worm (D:2)
  2 dart slugs (D:2)
  An orc (D:3)
  A ball python (D:2)
  4 endoplasms
  3 giant cockroaches
  4 goblins (D:2)
  3 hobgoblins
  4 jackals (D:1)
  5 kobolds
  2 quokkas (D:2)
  3 bats
  4 frilled lizards (D:2)
  6 rats
44 creatures vanquished.

Notes
Turn   | Place    | Note
-------+----------+-------------------------------------------
     0 | D:1      | juan097 the Barachi Hunter began the quest for the Orb.
     0 | D:1      | Reached XP level 1. HP: 17/17 MP: 1/1
    58 | D:1      | Reached skill level 1 in Stealth
    74 | D:1      | Reached XP level 2. HP: 14/23 MP: 2/2
   576 | D:2      | Reached XP level 3. HP: 28/28 MP: 3/3
   654 | D:2      | Found a stormy altar of Qazlal.
   956 | D:3      | Reached XP level 4. HP: 35/35 MP: 4/4
  1298 | D:3      | Killed from afar by an orc priest

Illustrated notes

Levels and vault maps discovered:
D:1:      wander_arrival_abandoned_jail, layout_rooms, fountainhead
D:2:      layout_rooms, basic_altar, grunt_ministairs_10,
          minmay_indecisive_spiral
D:3:      minmay_diamond_boxcup, layout_loops_corners

Skill      XL: |  1  2  3 |
---------------+----------+-----
Stealth        | 1 2 |  2.0
Fighting       | 3 |  3.2
Ranged Weapons | |  4.8
Dodging        | |  2.2

Action                     |  1- 3 |  4- 6 || total
---------------------------+-------+-------++-------
   Fire: Shortbow          |   126 |     7 ||   133
    Use: Scroll            |       |     1 ||     1
 Armour: Leather armour    |    16 |       ||    16
  Dodge: Dodged            |    35 |       ||    35

Table legend: (Time is in decaauts)
 A = Elapsed time spent in this place.
 B = Non-inter-level travel time spent in this place.
 C = Inter-level travel time spent in this place.
 D = Time resting spent in this place.
 E = Time spent auto-exploring this place.
 F = Levels seen in this place.
 G = Mean time per level.
                   A        B        C        D        E       F      G
               +--------+--------+--------+--------+--------+-----+--------+
         Total |   1535 |   1442 |     93 |      2 |   1173 |   3 |  511.7 |
       Dungeon |   1535 |   1442 |     93 |      2 |   1173 |   3 |  511.7 |
               +--------+--------+--------+--------+--------+-----+--------+

Top non-repeatable levels by time:
     D:1: 574 daAuts
     D:2: 533 daAuts
     D:3: 427 daAuts
